 Dungeon Crawl Stone Soup version 0.20-a0-537-g052e6ba (webtiles) character file.

32 PrrrPrrrPrrr the Digger (level 3, 0/19 HPs)
             Began as a Gargoyle Earth Elementalist on Jan 28, 2017.
             Slain by a goblin
             ... wielding a +0 dagger
             ... led by Robin
              (3 damage)
             ... on level 1 of the Dungeon.
             The game lasted 00:03:11 (974 turns).

PrrrPrrrPrrr the Digger (GrEE)                       Turns: 974, Time: 00:03:11

Health: 0/19       AC:  5    Str: 11    XL:     3   Next: 25%
Magic:  5/7        EV: 17    Int: 16    God:
Gold:   74         SH:  0    Dex: 15    Spells: 7/8 levels left

rFire    . . .     SeeInvis .   m - +1 short sword (drain)
rCold    . . .     Gourm    .   c - +0 robe
rNeg     + . .     Faith    .   (no shield)
rPois    ∞         Spirit   .   (no helmet)
rElec    +         Reflect  .   (no cloak)
rCorr    .         Harm     .   (no gloves)
MR       .....                  (no boots)
Stlth    +++.......             (no amulet)
Regen    0.1/turn               (no ring)
                                (no ring)

@: agile
A: negative energy resistance 1, electricity resistance, unbreathing,
petrification resistance, rot immunity, AC +3
a: no special abilities


You were on level 1 of the Dungeon.
You were not hungry.

You visited 1 branch of the dungeon, and saw 2 of its levels.

You collected 74 gold pieces.

Inventory:

Hand Weapons
 f - a +0 dagger
 g - a +0 club
 j - a +0 short sword
 m - a +1 short sword of draining (weapon)
Missiles
 b - 67 stones (quivered)
Armour
 c - a +0 robe (worn)
Jewellery
 k - an uncursed ring of fire
Scrolls
 h - a scroll of magic mapping {unknown}
 l - a scroll of recharging {unknown}
Potions
 i - a potion of agility
Books
 e - a book of Geomancy

   Spells                             Type                      Level
   a - Sandblast                      Earth                        1
   b - Passwall                       Transmutation/Earth          2
   c - Stone Arrow                    Conjuration/Earth            3
   d - Petrify                        Transmutation/Earth          4
   e - Lee's Rapid Deconstruction     Earth                        5
Comestibles
 d - a bread ration


   Skills:
 - Level 1.5 Dodging
 - Level 2.1 Stealth
 * Level 3.1 Spellcasting
   Level 0.7 Transmutations
 + Level 3.9 Earth Magic


You had 7 spell levels left.
You knew the following spells:

 Your Spells              Type           Power        Failure   Level  Hunger
a - Sandblast             Erth           ###...       4%          1    None


Dungeon Overview and Level Annotations

Branches:
Dungeon (2/15)

Altars:

Annotations:
D:2 Robin


Innate Abilities, Weirdness & Mutations

You are resistant to torment.
Your stone body is resilient. (AC +3)
You are immune to poison.
You resist negative energy. (rN+)
You are resistant to electric shocks. (rElec)
You can survive without breathing.
You are immune to petrification.
You are immune to rotting.


Message History

Casting: Sandblast
Confirm with . or Enter, or press ? or * to list all spells.
Aiming: Sandblast
Press: ? - help, Shift-Dir - straight line, f - hobgoblin
Aim: a hobgoblin (unusually strong)
The blast of sand hits the hobgoblin.
The hobgoblin is severely wounded.
b - 68 stones The goblin misses you.
The hobgoblin hits you.
* * * LOW HITPOINT WARNING * * *
Casting: Sandblast
Confirm with . or Enter, or press ? or * to list all spells.
Aiming: Sandblast
Press: ? - help, Shift-Dir - straight line, f/p - hobgoblin
Aim: a hobgoblin (severely wounded, unusually strong)
The blast of sand hits the hobgoblin.
You kill the hobgoblin!
b - 67 stones The goblin hits you but does no damage.
The goblin hits you with a dagger.
You die...

#....#..................##
#.##.....................##
#.#..#....................#
#.#.##....................#
#.#.###...................#
#.#.# ##.....#............#
....# #########..........#
....# ##........## ....#
#@.........# ....#
#gg........# ....#
#..........# ....#
#..........# ....#
#..........# ....#
##...>....## ....#
##......## ....# ########
#####


You could see 2 goblins.

Vanquished Creatures
  An adder (D:1)
  A leopard gecko (D:1)
  4 giant cockroaches
  2 goblins
  3 hobgoblins (D:1)
  2 bats (D:1)
  2 frilled lizards
  3 kobolds
  4 rats (D:1)
22 creatures vanquished.

Notes
Turn   | Place    | Note
-------+----------+-------------------------------------------
     0 | D:1      | PrrrPrrrPrrr the Gargoyle Earth Elementalist began the quest for the Orb.
     0 | D:1      | Reached XP level 1. HP: 10/10 MP: 3/3
   157 | D:1      | Reached XP level 2. HP: 11/15 MP: 0/5
   591 | D:1      | Reached XP level 3. HP: 19/19 MP: 3/7
   947 | D:2      | Noticed Robin
   974 | D:1      | Slain by a goblin

Vault maps used:
D:1:      eino_arrival_cavern_d
D:2:      uniq_jessica, uniq_robin

Skill      XL: |  1  2 |
---------------+-------+-----
Spellcasting   | 3 |  3.1
Dodging        | |  1.5
Stealth        | |  2.1
Transmutations | |  0.7
Earth Magic    | |  3.9

Action                   || total
-------------------------++-------
Melee: Short sword       ||    12
 Cast: Sandblast         ||    27
  Use: Potion            ||     2
Armor: Robe              ||    12
Dodge: Dodged            ||    39
